 Dungeon Crawl Stone Soup version 0.28-a0-1143-gcf6077d4cc (webtiles) character file.

Game seed: 17743915485513139503

50 tsouns the Digger (level 3, 0/25 HPs)
             Began as a Demonspawn Earth Elementalist on Dec 13, 2021.
             Slain by a worm (9 damage)
             ... on level 2 of the Dungeon.
             The game lasted 00:03:01 (1620 turns).

tsouns the Digger (Demonspawn Earth Elementalist)   Turns: 1620, Time: 00:03:02

Health: 0/25       AC:  3    Str:  8    XL:     3   Next: 55%
Magic:  5/7        EV: 12    Int: 18    God:
Gold:   69         SH:  0    Dex: 13    Spells: 6/7 levels left

rFire   . . .      SeeInvis .   d - +0 short sword
rCold   . . .      Faith    .   (no shield)
rNeg    . . .      Spirit   .   b - +0 robe
rPois   .          Reflect  .   (helmet restricted)
rElec   .          Harm     .   h - +0 cloak
rCorr   .          Rampage  .   (no gloves)
Will    .....                   (no boots)
Stlth   ++........              (no amulet)
HPRegen 0.08/turn               (no ring)
MPRegen 0.10/turn               (no ring)

@: no status effects
A: antennae 2
a: no special abilities


You were on level 2 of the Dungeon.
You visited 1 branch of the dungeon, and saw 2 of its levels.

You collected 69 gold pieces.

Inventory:

Hand Weapons
 d - a +0 short sword (weapon)
Missiles
 c - 79 stones
Armour
 b - a +0 robe (worn)
 h - a +0 cloak (worn)
Scrolls
 e - a scroll of summoning {unknown}
 f - a scroll of teleportation {unknown}
 g - 3 scrolls of magic mapping {unknown}
Potions
 a - 2 potions of resistance {unknown}
 i - a potion of cancellation {unknown}


   Skills:
 + Level 0.6 Fighting
 + Level 0.7 Short Blades
 - Level 1.7 Dodging
 - Level 1.7 Stealth
 + Level 2.8 Spellcasting
 - Level 0.8 Transmutations
 + Level 3.3 Earth Magic


You had 6 spell levels left.
You knew the following spells:

 Your Spells              Type           Power      Damage    Failure   Level
a - Sandblast             Erth           28%        2d8       4%          1

Your spell library contained the following spells:

 Spells                   Type           Power      Damage    Failure   Level
 Passwall                 Tmut/Erth      8%         N/A       11%         2
 Stone Arrow              Conj/Erth      16%        3d8       26%         3
 Petrify                  Tmut/Erth      10%        N/A       56%         4


Dungeon Overview and Level Annotations

Branches:
Dungeon (2/15)

Altars:

Shops:
D:1 !


Innate Abilities, Weirdness & Mutations

You have a pair of antennae on your head.


Message History

The dart slug is almost dead.
The dart slug launches a dart at you. The slug dart hits you.
You hit the dart slug.
You kill the dart slug!
You barely miss the rat. The rat barely misses you.
You hit the rat but do no damage. The rat bites you.
You hit the rat.
The rat is heavily wounded.
The rat bites you.
You barely miss the rat.
The rat is heavily wounded.
The rat barely misses you.
You hit the rat.
You kill the rat!
You barely miss the rat. The rat bites you but does no damage.
The rat barely misses you.
You hit the rat.
You kill the rat!
You hit the worm.
The worm is lightly wounded.
The endoplasm quivers.
The worm bites you!
You are too injured to fight recklessly!
Casting: Sandblast (safe; 4% risk of failure)
Confirm with . or Enter, or press ? or * to list all spells.
Aiming: Sandblast (safe; 4% risk of failure)
Press: ? - help, Shift-Dir - straight line, f - worm
Aim: a worm (93% to hit)
The blast of sand hits the worm!
The worm is heavily wounded.
Casting: Sandblast (safe; 4% risk of failure)
Confirm with . or Enter, or press ? or * to list all spells.
Aiming: Sandblast (safe; 4% risk of failure)
Press: ? - help, Shift-Dir - straight line, f/p - worm
Aim: a worm (moderately wounded, 93% to hit)
The blast of sand hits the worm.
The worm is heavily wounded.
The worm bites you!
You die...

### #### ## #$# #.. ..
#?.... # ###.# #..#
.#(## .# # ...###...
..( #.#.# #........
#J##....#
#####...####.###w†..#.#
..........##..#.@.>...#
.####...#[##........###
.# ##.##.####..###.# ##
#.##.# ##.# .# #.##.##
#.# . #.#...####.# #
#...#......#
###...###### ##.#....


You could see a worm and an endoplasm.

Vanquished Creatures
  2 dart slugs (D:2)
  3 bats
  3 endoplasms
  4 giant cockroaches
  8 hobgoblins
  4 kobolds
  6 ball pythons
  4 frilled lizards
  3 goblins (D:1)
  6 rats
43 creatures vanquished.

Notes
Turn   | Place    | Note
-------+----------+-------------------------------------------
     0 | D:1      | tsouns the Demonspawn Earth Elementalist began the quest
                  | for the Orb.
     0 | D:1      | Reached XP level 1. HP: 13/13 MP: 3/3
    81 | D:1      | Reached skill level 3 in Earth Magic
   364 | D:1      | Gained mutation: You have a pair of small antennae on your
                  | head. [demonic ancestry]
   364 | D:1      | Reached XP level 2. HP: 9/19 MP: 3/5
   549 | D:1      | Found Weetoq's Distillery.
  1046 | D:1      | Gained mutation: You have a pair of antennae on your head.
                  | [demonic ancestry]
  1046 | D:1      | Reached XP level 3. HP: 21/24 MP: 2/6
  1620 | D:2      | Slain by a worm

Illustrated notes

Levels and vault maps discovered:
D:1:      lemuel_arrival_river_bridge, layout_basic, serial_shops,
          nicolae_shop_crystal, minmay_shallow_snake_nest
D:2:      minmay_chambers_of_twos, layout_loops_ring, minmay_hexomino_u4,
          uniq_sigmund

Skill      XL: |  1 |
---------------+----+-----
Earth Magic    | 3 |  3.3
Fighting       | |  0.6
Short Blades   | |  0.7
Dodging        | |  1.7
Stealth        | |  1.7
Spellcasting   | |  2.8
Transmutations | |  0.8

Action                   || total
-------------------------++-------
Melee: Short sword       ||   109
 Cast: Sandblast         ||    30
 Stab: Sleeping          ||     4
Armor: Robe              ||    29
Dodge: Dodged            ||    87

Table legend: (Time is in decaauts)
 A = Elapsed time spent in this place.
 B = Non-inter-level travel time spent in this place.
 C = Inter-level travel time spent in this place.
 D = Time resting spent in this place.
 E = Time spent auto-exploring this place.
 F = Levels seen in this place.
 G = Mean time per level.
                   A        B        C        D        E       F      G
               +--------+--------+--------+--------+--------+-----+--------+
         Total |   1629 |   1622 |      7 |      0 |   1265 |   2 |  814.5 |
       Dungeon |   1629 |   1622 |      7 |      0 |   1265 |   2 |  814.5 |
               +--------+--------+--------+--------+--------+-----+--------+

Top non-repeatable levels by time:
     D:1: 1193 daAuts
     D:2: 436 daAuts
